 Dungeon Crawl Stone Soup version 0.31-a0-200-gbc41564c69 (webtiles) character file.

Game seed: 11858487166765928072

2454 qw the Skirmisher (level 9, -2/45 HPs)
             Began as a Deep Elf Hunter on June 25, 2023.
             Was a Follower of Okawaru.
             Slain by a wight
             ... wielding a +3 spear
              (4 damage)
             ... on level 7 of the Dungeon.
             The game lasted 00:01:47 (5047 turns).

qw the Skirmisher (Deep Elf Hunter)                 Turns: 5047, Time: 00:01:47

Health: -2/45      AC: 13    Str:  7    XL:     9   Next: 25%
Magic:  13/14      EV: 14    Int: 22    God:    Okawaru [*.....]
Gold:   284        SH:  0    Dex: 17    Spells: 8/8 levels left

rFire   + + +        c - +8 storm bow {elec, penet}
rCold   . . .        (shield currently unavailable)
rNeg    . . .        m - +0 ring mail {rF+}
rPois   .            k - +1 helmet
rElec   .            n - +1 cloak of the Chewing Gods {+Blink Str-4 Int+3}
rCorr   .            (no gloves)
SInv    .            d - +0 pair of boots
Will    .....        (no amulet)
Stlth   +++          f - ring of protection from fire
HPRegen 0.27/turn    (no ring)
MPRegen 0.14/turn

%: no passive effects
@: about to teleport, heroic
A: clever 1, fire resistance 1, frail 1, shaggy fur 1, no potion heal 1
a: Renounce Religion, Evoke Blink, Heroism


You were on level 7 of the Dungeon.
You worshipped Okawaru.
Okawaru was aware of your devotion.
You visited 1 branch of the dungeon, and saw 7 of its levels.

You collected 399 gold pieces.
You spent 115 gold pieces at shops.


Innate Abilities, Weirdness & Mutations

Your mind is acute. (Int +4, Str/Dex -1)
Your flesh is heat resistant. (rF+)
You are frail. (-10% HP)
You are covered in fur. (AC +1)
Potions are less effective at restoring your health.


   Skills:
 - Level 3.4(8.4) Fighting
 + Level 14.3(19.3) Ranged Weapons
 - Level 2.0(7.0) Armour
 - Level 4.0(9.0) Dodging
 - Level 1.2(6.2) Stealth
 - Level 4.2 Invocations


You had 8 spell levels left.
You didn't know any spells.
Your spell library was empty.

Inventory:

Hand Weapons
 c - the +8 storm bow (weapon) {elec, penet}
   (You acquired it on level 2 of the Dungeon)
Armour
 d - a +0 pair of boots (worn)
 k - a +1 helmet (worn)
 m - a +0 ring mail of fire resistance (worn)
 n - the +1 cloak of the Chewing Gods (worn) {+Blink Str-4 Int+3}
   (You acquired it on level 6 of the Dungeon)

   Str:       It affects your strength (-4).
   Int:       It affects your intelligence (+3).
   +Blink:    It lets you blink.
Jewellery
 e - a +6 ring of dexterity
 f - a ring of protection from fire (left hand)
Scrolls
 b - a scroll of immolation {unknown}
 h - 5 scrolls of identify
Potions
 a - 2 potions of cancellation
 g - a potion of might
 i - 3 potions of curing

Dungeon Overview and Level Annotations

Branches:
Dungeon (7/15)             Temple (0/1) D:6

Altars:
Dithmenos
Elyvilon
Okawaru
Ru
Vehumet
Wu Jian
Yredelemnul
Zin
The Shining One

Shops:
D:3 (*:

Annotations:
D:6 1 runed translucent door, Crazy Yiuf


Message History

The wight hits you from afar with a +3 spear.
Something hits you but does no damage. The wight barely misses you.
An ufetubus comes into view.
You shoot an arrow. The arrow pierces through the wight!
The wight is almost destroyed.
You shoot an arrow. The arrow pierces through the wight!
You destroy the wight!
Okawaru accepts your kill. The wight misses you. The wight barely misses you.
Something hits you but does no damage.
You shoot an arrow. Okawaru accepts your kill.
Reactivating autopickup.
You feel a bit more experienced.
The arrow pierces through the wight but does no damage.
Okawaru accepts your kill.
You feel a bit more experienced.
The orc priest calls down the wrath of Beogh upon you.
Beogh smites you! The wight barely misses you.
The wight hits you but does no damage.
Your Invocations skill increases to level 4!
You shoot an arrow. The arrow barely misses the wight.
The arrow barely misses the orc.
The arrow pierces through the orc!!
Lightning courses through the orc!
You kill the orc!
Okawaru accepts your kill.
The sentinel's mark upon you fades away.
The wight misses you. x2; The wight completely misses you.
You shoot an arrow. The arrow barely misses the wight.
The arrow closely misses the orc.
The orc priest calls down the wrath of Beogh upon you.
Beogh smites you! The wight hits you but does no damage.
The wight barely misses you. The wight misses you.
5047 ||| READING scroll of teleportation.
As you read the scroll of teleportation, it crumbles to dust.
You feel strangely unstable.
The ufetubus hits you but does no damage.
The ufetubus closely misses you.
The wight hits you from afar with a +3 spear.
You die... ###....... ###......... ........... .......... ......... ##oo)..... #zzo#

#.z## ##@)#
#.5## ##..#
#..## ######
##.## ......#
#<.# .......
##.##
..........##..#
..........##.##


You could see 3 wights, an orc priest, 2 orcs and an ufetubus.

Vanquished Creatures
  Edmund (D:6)
  Menkaure (D:6)
  2 ice beasts
  3 sky beasts
  2 black bears (D:7)
  An ogre (D:6)
  A centaur (D:7)
  Blork the orc (D:4)
  2 scorpions
  5 wights
  3 killer bees (D:7)
  A crimson imp (D:4)
  2 jellies (D:7)
  4 hounds
  5 orc priests
  2 iguanas
  7 orc wizards
  2 gnolls (D:6)
  8 adders
  5 ufetubi
  A worm (D:2)
  2 dart slugs
  30 orcs
  5 ball pythons
  5 endoplasms
  4 giant cockroaches
  5 goblins
  4 hobgoblins
  3 jackals (D:5)
  8 kobolds
  5 quokkas
  6 bats
  4 frilled lizards
  A goblin zombie (D:4)
  A hobgoblin zombie (D:4)
  3 kobold skeletons (D:4)
  2 kobold zombies (D:4)
  An orc skeleton (D:4)
  2 orc zombies (D:4)
  7 rats
157 creatures vanquished.

Notes
Turn   | Place    | Note
-------+----------+-------------------------------------------
     0 | D:1      | qw the Deep Elf Hunter began the quest for the Orb.
     0 | D:1      | Reached XP level 1. HP: 12/12 MP: 3/3
     0 | D:1      | 0 ||| qw: Version: 0.3-a-22-g0ed2b0b
     0 | D:1      | 0 ||| qw: Game counter: 5560
     0 | D:1      | 0 ||| qw: Melee chars always use a shield: true
     0 | D:1      | 0 ||| qw: God list: Okawaru
     0 | D:1      | 0 ||| qw: Allow faded altars: false
     0 | D:1      | 0 ||| qw: Do Orc after clearing Dungeon:15 true
     0 | D:1      | 0 ||| qw: Do second Lair branch before Depths: true
     0 | D:1      | 0 ||| qw: Lair rune preference: random
     0 | D:1      | 0 ||| qw: Goals: Normal
     0 | D:1      | 0 ||| PLANNING D:1-11
    99 | D:1      | HP: 3/12 [constriction (1)]
   101 | D:1      | Reached skill level 6 in Ranged Weapons
   101 | D:1      | Reached XP level 2. HP: 5/16 MP: 4/4
   523 | D:1      | Reached XP level 3. HP: 15/20 MP: 5/5
   738 | D:1      | 738 ||| UPGRADING to +0 pair of boots.
   743 | D:1      | 743 ||| DROPPING scarf of harm.
   744 | D:1      | 744 ||| READING scroll labelled EZUUGU ZETTI.
   745 | D:1      | 745 ||| READING scroll labelled HUINYD ROCKO.
   746 | D:1      | 746 ||| READING scroll labelled IFIPROKOTA.
   747 | D:1      | 747 ||| DRINKING 2 purple potions.
   748 | D:1      | 748 ||| DROPPING scroll of butterflies.
   749 | D:1      | 749 ||| DROPPING potion of degeneration.
   870 | D:2      | Reached skill level 7 in Ranged Weapons
  1338 | D:2      | 1338 ||| UPGRADING to +0 cloak.
  1343 | D:2      | 1343 ||| UPGRADING to +0 ring mail.
  1353 | D:2      | 1353 ||| DROPPING +0 leather armour.
  1354 | D:2      | 1354 ||| UPGRADING to +0 helmet.
  1359 | D:2      | 1359 ||| READING scroll labelled FAYPLA ZUI.
  1360 | D:2      | 1360 ||| READING scroll labelled POACEIRONUNN.
  1360 | D:2      | Identified a scroll of acquirement
  1360 | D:2      | 1360 ||| ACQUIRING +8 storm bow {elec, penet}
  1360 | D:2      | Acquired the +8 storm bow {elec, penet}
  1360 | D:2      | Found the +8 storm bow {elec, penet}
  1362 | D:2      | 1362 ||| SWAPPING to +8 storm bow {elec, penet}.
  1363 | D:2      | 1363 ||| DROPPING +0 shortbow.
  1364 | D:2      | 1364 ||| READING 3 scrolls of identify.
  1364 | D:2      | 1364 ||| IDENTIFYING gluggy clear potion
  1365 | D:2      | 1365 ||| READING 2 scrolls of identify.
  1365 | D:2      | 1365 ||| IDENTIFYING bubbling pink potion
  1366 | D:2      | 1366 ||| DROPPING potion of invisibility.
  1368 | D:2      | 1368 ||| Stepping ~*~*~tactically~*~*~ (cloud).
  1368 | D:2      | HP: 4/20 [poisoned by you (poison gas)]
  1369 | D:2      | 1369 ||| DRINKING potion of curing.
  1369 | D:2      | 1369 ||| (to cure poison)
  1451 | D:3      | Found Atexoeph's General Store.
  1460 | D:3      | 1460 ||| SHOPLISTING amulet of faith (400 gold, have 138).
  1460 | D:3      | 1460 ||| BUYING scroll of enchant armour (75 gold).
  1460 | D:3      | Bought a scroll of enchant armour for 75 gold pieces
  1460 | D:3      | 1460 ||| BUYING scroll of identify (20 gold).
  1460 | D:3      | Bought a scroll of identify for 20 gold pieces
  1460 | D:3      | 1460 ||| BUYING scroll of identify (20 gold).
  1460 | D:3      | Bought a scroll of identify for 20 gold pieces
  1460 | D:3      | 1460 ||| SHOPLISTING scroll of teleportation (30 gold, have
                  | 23).
  1460 | D:3      | 1460 ||| READING scroll of enchant armour.
  1460 | D:3      | 1460 ||| ENCHANTING +0 helmet.
  1577 | D:3      | Found Higisodo's Book Boutique.
  1638 | D:3      | Reached XP level 4. HP: 25/25 MP: 6/6
  1880 | D:3      | 1880 ||| UPGRADING to ring of protection from fire.
  1889 | D:3      | 1889 ||| READING scroll labelled RYRIHOS FERE.
  1921 | D:3      | Found Fagor's Weapon Shoppe.
  2340 | D:3      | 2340 ||| READING 2 scrolls labelled DALOGEGUGOV.
  2341 | D:3      | 2341 ||| DRINKING 2 glowing brown potions.
  2341 | D:3      | Gained mutation: You are covered in fur. (AC +1) [potion of
                  | mutation]
  2341 | D:3      | Gained mutation: You have hidden genetic defects. [potion
                  | of mutation]
  2341 | D:3      | Gained mutation: You are partially covered in large bone
                  | plates. (SH +4) [potion of mutation]
  2342 | D:3      | 2342 ||| DROPPING scroll of amnesia.
  2380 | D:4      | Gained mutation: You are dopey. (Int -2) [hidden defects]
  2387 | D:4      | Reached skill level 8 in Ranged Weapons
  2394 | D:4      | Gained mutation: You are frail. (-10% HP) [hidden defects]
  2394 | D:4      | Lost mutation: You have hidden genetic defects. [hidden
                  | defects expressed]
  2407 | D:4      | 2407 ||| DRINKING potion of mutation.
  2407 | D:4      | Lost mutation: You are dopey. (Int -2) [potion of mutation]
  2407 | D:4      | Lost mutation: You are frail. (-10% HP) [potion of
                  | mutation]
  2407 | D:4      | Lost mutation: You are partially covered in large bone
                  | plates. (SH +4) [potion of mutation]
  2407 | D:4      | Gained mutation: You are frail. (-10% HP) [potion of
                  | mutation]
  2407 | D:4      | Gained mutation: Your mind is acute. (Int +4, Str/Dex -1)
                  | [potion of mutation]
  2407 | D:4      | Gained mutation: Potions are less effective at restoring
                  | your health. [potion of mutation]
  2407 | D:4      | Gained mutation: Your flesh is heat resistant. (rF+)
                  | [potion of mutation]
  2415 | D:4      | Reached skill level 1 in Armour
  2415 | D:4      | Reached XP level 5. HP: 21/26 MP: 7/7
  2497 | D:4      | Reached skill level 9 in Ranged Weapons
  2497 | D:4      | Reached XP level 6. HP: 30/30 MP: 8/8
  2535 | D:4      | Found a glowing golden altar of the Shining One.
  2612 | D:4      | Noticed Blork the orc
  2614 | D:4      | Killed Blork the orc
  2615 | D:4      | Reached skill level 10 in Ranged Weapons
  2747 | D:4      | Reached skill level 3 in Dodging
  3250 | D:4      | 3250 ||| DROPPING +2 hat.
  3251 | D:4      | 3251 ||| READING scroll labelled XAMITEUF APUDA.
  3252 | D:4      | 3252 ||| READING 6 scrolls of identify.
  3252 | D:4      | 3252 ||| IDENTIFYING fizzy red potion
  3253 | D:4      | 3253 ||| READING 5 scrolls of identify.
  3253 | D:4      | 3253 ||| IDENTIFYING ruby potion
  3254 | D:4      | 3254 ||| DROPPING potion of lignification.
  3285 | D:5      | Entered Level 5 of the Dungeon
  3299 | D:5      | Found a radiant altar of Vehumet.
  3299 | D:5      | You fall into a shaft and drop 1 floor!
  3306 | D:6      | Reached XP level 7. HP: 35/36 MP: 9/9
  3433 | D:5      | Reached skill level 11 in Ranged Weapons
  3468 | D:5      | Found a sacrificial altar of Ru.
  3468 | D:5      | Found an iron altar of Okawaru.
  3469 | D:5      | 3469 ||| PLANNING OKAWARU WORSHIP
  3469 | D:5      | 3469 ||| READING 2 scrolls labelled SAIKHY TUFYBOSS.
  3470 | D:5      | 3470 ||| DROPPING scroll of fear.
  3475 | D:5      | Found a glowing silver altar of Zin.
  3477 | D:5      | Became a worshipper of Warmaster Okawaru
  3478 | D:5      | 3478 ||| PLANNING D:1-11
  3479 | D:5      | Found an ornate altar of the Wu Jian Council.
  3481 | D:5      | Found a white marble altar of Elyvilon.
  3486 | D:5      | Found a shadowy altar of Dithmenos.
  3524 | D:5      | Reached skill level 12 in Ranged Weapons
  3569 | D:5      | 3569 ||| Stepping ~*~*~tactically~*~*~ (outnumbered).
  3571 | D:5      | 3571 ||| Stepping ~*~*~tactically~*~*~ (outnumbered).
  3575 | D:5      | Reached XP level 8. HP: 40/40 MP: 10/10
  3927 | D:5      | 3927 ||| DRINKING 2 cyan potions.
  3987 | D:6      | Found an ornate altar of the Wu Jian Council.
  3997 | D:6      | Noticed Edmund
  3999 | D:6      | Killed Edmund
  3999 | D:6      | Reached * piety under Okawaru
  4000 | D:6      | Reached skill level 3 in Fighting
  4002 | D:6      | Noticed Menkaure
  4003 | D:6      | 4003 ||| INVOKING Heroism.
  4004 | D:6      | Killed Menkaure
  4081 | D:6      | 4081 ||| INVOKING Heroism.
  4110 | D:6      | Reached skill level 13 in Ranged Weapons
  4117 | D:6      | Reached skill level 1 in Invocations
  4117 | D:6      | 4117 ||| INVOKING Heroism.
  4236 | D:6      | Found a basalt altar of Yredelemnul.
  4291 | D:6      | 4291 ||| READING scroll of acquirement.
  4291 | D:6      | 4291 ||| ACQUIRING +1 cloak of the Chewing Gods {+Blink
                  | Str-4 Int+3}
  4291 | D:6      | Acquired the +1 cloak of the Chewing Gods {+Blink Str-4
                  | Int+3}
  4293 | D:6      | 4293 ||| UPGRADING to +0 ring mail of fire resistance.
  4303 | D:6      | 4303 ||| DROPPING +0 ring mail.
  4304 | D:6      | 4304 ||| UPGRADING to +1 cloak of the Chewing Gods {+Blink
                  | Str-4 Int+3}.
  4314 | D:6      | 4314 ||| DROPPING +0 cloak.
  4315 | D:6      | Found a staircase to the Ecumenical Temple.
  4342 | D:6      | Identified the +0 hammer of Decesit {spect, rPois rF+
                  | Str+4}
  4343 | D:6      | Found a runed translucent door.
  4344 | D:6      | Noticed Crazy Yiuf
  4436 | D:6      | 4436 ||| INVOKING Heroism.
  4635 | D:6      | 4635 ||| READING scroll labelled KUIPEB SEEN.
  4736 | D:6      | 4736 ||| READING scroll labelled QOEZ HOWETSEPH.
  4864 | D:7      | Reached skill level 14 in Ranged Weapons
  4876 | D:7      | 4876 ||| INVOKING Heroism.
  4920 | D:7      | Reached XP level 9. HP: 44/45 MP: 12/12
  4923 | D:7      | Reached skill level 3 in Invocations
  5027 | D:7      | 5027 ||| FLEEEEING.
  5028 | D:7      | 5028 ||| FLEEEEING.
  5029 | D:7      | 5029 ||| INVOKING Heroism.
  5046 | D:7      | HP: 2/45 [orc priest/divine providence (11)]
  5047 | D:7      | 5047 ||| READING scroll of teleportation.
  5047 | D:7      | Slain by a wight

Levels and vault maps discovered:
D:1:      dpeg_arrival_arbitrary_b, layout_basic
D:2:      layout_basic, minmay_tetromino_i2
D:3:      layout_basic, serial_shops, nicolae_shop_trees, shop_fountains, shop,
          minmay_gold_behind_fungi, minmay_strange_pillars,
          minmay_misc_feat_doors
D:4:      layout_layer_cave, nicolae_tso_besieged_by_evil,
          hangedman_abyss_or_decor_lesser_grid, serial_park_tiny_2,
          uniq_blork_the_orc
D:5:      layout_basic, fiery_altar_vehumet,
          nicolae_overflow_hallway_of_the_gods
D:6:      layout_basic, minmay_temple_entry_wispy, supply_closet_lemuel,
          hangedman_feature_mirror, uniq_edmund, uniq_menkaure,
          uniq_crazy_yiuf_cottage
D:7:      layout_cave_pods, uniq_maggie

Skill      XL: |  1  2  3  4  5  6  7  8  9 |
---------------+----------------------------+-----
Ranged Weapons | 6 7 8 9 10 12 14 | 14.3
Armour         | 1 2 |  2.0
Fighting       | 2 3 |  3.4
Dodging        | 3 4 |  4.0
Invocations    | 2 4 |  4.2
Stealth        | |  1.2

Action                     |  1- 3 |  4- 6 |  7- 9 || total
---------------------------+-------+-------+-------++-------
   Fire: Shortbow          |   125 |       |       ||   125
         Longbow           |     9 |    64 |   115 ||   188
 Invoke: Heroism           |       |       |     6 ||     6
    Use: Scroll            |     8 |     5 |     5 ||    18
         Potion            |     2 |     2 |     1 ||     5
 Armour: Leather armour    |     9 |       |       ||     9
         Ring mail         |       |     4 |    33 ||    37
  Dodge: Dodged            |    28 |     2 |    40 ||    70

Table legend:
 A = Non-vault XP
 B = Vault XP
 C = Vault XP percentage of total XP
 D = Non-vault monster count
 E = Vault monster count
 F = Vault count percentage of total count
                 A         B        C        D         E       F
            +---------+---------+-------+---------+---------+-------
      Total |    2908 |     599 |  17.1 |     139 |      18 |  11.5
            +---------+---------+-------+---------+---------+-------
        D:1 |      43 |       0 |   0.0 |      24 |       0 |   0.0
        D:2 |      41 |       2 |   4.7 |      16 |       2 |  11.1
        D:3 |      26 |       0 |   0.0 |      13 |       0 |   0.0
        D:4 |     452 |     160 |  26.1 |      20 |      12 |  37.5
        D:5 |     596 |       0 |   0.0 |      24 |       0 |   0.0
        D:6 |     709 |     437 |  38.1 |      27 |       4 |  12.9
        D:7 |    1041 |       0 |   0.0 |      15 |       0 |   0.0
            +---------+---------+-------+---------+---------+-------
